Map: Ley Lines

Players

Calyx

  • Race: Terran Terran
  • League: Grandmaster
  • Spawn Location: 7:00

A.I. 1 (Very Easy) - Winner!

  • Race: Terran Terran
  • Spawn Location: 1:00

VOD

Have the link to the VOD?

Description

Time

  • Played on: Aug. 19, 2025, 3:38 p.m.
  • Length: 10:06
Show
View Real Time Build Order
Export as new Build Order

Calyx Terran 

Build Orders:  

Get SALT Encoding   

  12  0:00  SCV  
  13  0:12  SCV  
  14  0:16  Supply Depot  
  14  0:24  SCV  
  15  0:38  SCV  
  15  0:39  Barracks  
  16  0:43  Refinery  
  16  0:50  SCV  
  16  0:52  Refinery  
  17  1:02  SCV  
  18  1:14  SCV  
  19  1:27  Reaper, Orbital Command  
  19  1:32  Supply Depot  
  20  1:41  Factory  
  20  1:53  SCV  
  21  2:00  Barracks Reactor  
  21  2:06  SCV  
  22  2:18  Command Center  
  22  2:21  SCV  
  23  2:26  Hellion  
  25  2:32  Supply Depot  
  25  2:33  SCV  
  26  2:37  Reaper x2  
  28  2:47  SCV, Hellion  
  31  2:59  SCV  
  31  3:01  Starport  
  32  3:09  Reaper, Hellion  
  32  3:10  Reaper  
  32  3:11  SCV  
  37  3:18  Refinery  
  37  3:23  SCV  
  38  3:30  Orbital Command  
  38  3:32  Factory Tech Lab  
  38  3:36  SCV  
  38  3:39  Starport Tech Lab  
  39  3:41  Marine x2  
  39  3:48  SCV  
  42  3:51  Supply Depot  
  42  3:52  Cyclone  
  45  4:00  Interference Matrix, SCV, Raven  
  48  4:03  Marine  
  48  4:05  SCV  
  48  4:07  Marine  
  51  4:12  SCV  
  51  4:14  Supply Depot  
  52  4:17  SCV  
  52  4:23  Marine  
  54  4:25  Siege Tank  
  54  4:27  SCV  
  54  4:30  SCV  
  59  4:34  Raven  
  59  4:38  Supply Depot  
  61  4:39  SCV  
  61  4:41  Marine  
  61  4:42  SCV, Marine  
  65  4:51  SCV  
  66  4:54  SCV  
  66  4:57  Siege Tank  
  70  5:00  Supply Depot, Marine x2  
  70  5:03  SCV  
  70  5:06  SCV  
  74  5:10  Raven  
  76  5:15  SCV  
  76  5:18  Marine  
  78  5:21  Marine  
  78  5:22  SCV  
  78  5:25  Supply Depot  
  80  5:28  SCV  
  80  5:29  Siege Tank  
  80  5:32  Command Center  
  80  5:34  SCV  
  85  5:40  SCV, Refinery  
  85  5:42  Supply Depot  
  86  5:47  SCV  
  87  5:52  SCV  
  87  5:55  Stimpack, Marine  
  87  5:56  Barracks x2  
  89  5:59  SCV  
  90  6:05  SCV  
  90  6:06  Supply Depot  
  90  6:07  Viking  
  90  6:10  Viking  
  95  6:11  SCV  
  95  6:17  SCV  
  97  6:20  Siege Tank  
  97  6:23  SCV  
  101  6:25  Marine  
  101  6:29  SCV  
  101  6:31  Engineering Bay x2  
  103  6:35  SCV  
  103  6:37  Viking  
  106  6:40  Viking  
  106  6:41  SCV  
  109  6:47  SCV  
  109  6:49  Barracks Reactor x2  
  109  6:50  Marine  
  109  6:52  Siege Tank  
  114  6:54  SCV  
  114  7:00  SCV  
  116  7:06  SCV  
  116  7:08  Orbital Command, Marine  
  117  7:10  Terran Infantry Weapons Level 1, Terran Infantry Armor Level 1  
  117  7:12  SCV  
  117  7:13  Viking  
  121  7:17  Supply Depot  
  121  7:18  SCV, Supply Depot  
  121  7:19  Viking  
  124  7:24  SCV  
  125  7:32  Barracks  
  125  7:33  Barracks  
  125  7:37  Refinery x2  
  125  7:39  SCV x3, Siege Tank, Marine  
  125  7:43  Supply Depot  
  125  7:44  Supply Depot  
  132  7:46  Marine x3  
  132  7:48  Combat Shield  
  132  7:49  Marine  
  136  7:51  SCV x3  
  136  7:54  Medivac  
  141  8:00  Supply Depot x2  
  141  8:04  Medivac, Marine  
  144  8:07  Armory  
  144  8:08  Marine x4  
  144  8:11  Siege Tank  
  151  8:14  Supply Depot  
  151  8:20  Command Center  
  151  8:23  Marine  
  151  8:25  Barracks Reactor x2  
  152  8:29  Marine x3  
  152  8:30  Marine  
  156  8:35  Factory  
  156  8:36  SCV  
  156  8:37  SCV  
  156  8:41  Marine  
  159  8:43  Siege Tank  
  159  8:47  Marine x3  
  159  8:48  Marine  
  165  8:49  Supply Depot  
  165  8:50  Supply Depot  
  165  8:52  Medivac  
  165  8:53  Medivac  
  170  8:58  Marine  
  170  9:01  Marine  
  170  9:02  Marine x3  
  174  9:05  SCV x3, Marine x3  
  181  9:11  Marine  
  181  9:16  Supply Depot  
  183  9:17  Supply Depot  
  183  9:19  Siege Tank, Marine  
  183  9:20  Sensor Tower  
  186  9:29  Barracks  
  186  9:30  Barracks, Barracks Reactor, Marine x4  
  186  9:31  Barracks  
  193  9:41  Marine x4  
  197  9:52  Starport x2  
  199  9:57  Missile Turret  
  199  10:00  Missile Turret x2  
  199  10:01  Missile Turret  
  199  10:02  Missile Turret  
  199  10:03  Missile Turret, Sensor Tower  
Show
View Real Time Build Order
Export as new Build Order

A.I. 1 (Very Easy) Terran - Winner!

Build Orders:  

Get SALT Encoding   

  12  0:00  SCV  
  13  0:13  SCV  
  14  0:18  Supply Depot  
  14  0:37  Refinery  
  14  0:42  Barracks  
  14  1:03  Supply Depot  
  14  1:12  Refinery  
  14  1:29  Barracks Tech Lab  
  14  1:31  Orbital Command  
  14  1:46  Marine  
  15  1:57  SCV  
  16  2:09  SCV  
  17  2:21  SCV  
  18  2:28  Marine  
  19  2:33  SCV  
  20  2:45  SCV  
  21  2:58  SCV  
  22  3:10  Marauder  
  24  6:23  SCV  
  24  6:24  Marine  
  26  6:26  Supply Depot  
  26  6:28  Factory  
  26  6:31  Command Center  
  26  6:35  SCV  
  27  6:47  SCV  
  27  6:49  Supply Depot  
  28  6:56  Marine  
  28  6:59  SCV  
  25  7:11  SCV  
  26  7:17  Starport  
  26  7:24  SCV  
  26  7:28  Marine  
  28  7:44  SCV  
  29  7:51  SCV  
  30  7:55  Starport Tech Lab, Refinery x2  
  30  7:58  SCV  
  31  8:01  Marauder  
  31  8:05  SCV  
  34  8:12  SCV  
  35  8:13  Raven  
  35  8:19  SCV  
  38  8:27  SCV  
  39  8:33  Marine  
  39  8:34  SCV  
  41  8:41  SCV  
  42  8:47  Raven  
  45  8:48  SCV  
  45  8:55  SCV  
  46  9:02  SCV  
  46  9:05  Marine  
  47  9:10  SCV  
  48  9:17  SCV  
  48  9:24  SCV  
  49  9:31  SCV  
  50  9:38  SCV  
Tags
 
Matchup
TvT
Race
Terran
Spawn Locations
Cross Positions
Add a new tag
Caveats
  • Supply blocks, unpowered buildings, or Contaminate may cause inaccurate times.
  • Supply counts are checked every 10 seconds.